 Dungeon Crawl Stone Soup version 0.22-a0-422-g9628fc8 (webtiles) character file.

47 Amnesiac the Changer (level 3, 0/17 HPs)
             Began as a Spriggan Transmuter on May 18, 2018.
             Succumbed to a worker ant's poison
             ... on level 2 of the Dungeon.
             The game lasted 00:02:10 (1750 turns).

Amnesiac the Changer (Spriggan Transmuter)          Turns: 1750, Time: 00:02:10

Health: 0/17       AC:  2    Str:  7    XL:     3   Next: 48%
Magic:  6/9        EV: 18    Int: 14    God:
Gold:   54         SH:  0    Dex: 16    Spells: 7/10 levels left

rFire    . . .     SeeInvis +     - Unarmed
rCold    . . .     Gourm    .   (shield restricted)
rNeg     . . .     Faith    .   b - +0 robe
rPois    .         Spirit   .   (helmet restricted)
rElec    .         Reflect  .   (no cloak)
rCorr    .         Harm     .   (gloves unavailable)
MR       .....                  (boots unavailable)
Stlth    +.........             (no amulet)
HPRegen  0.05/turn              (no ring)
MPRegen  0.11/turn              (no ring)

@: lethally poisoned (0 -> -9), very quick
A: very small, unfitting armour, see invisible, herbivore, speed 3, slow
metabolism 2
a: no special abilities


You were on level 2 of the Dungeon.
You were not hungry.

You visited 1 branch of the dungeon, and saw 2 of its levels.

You collected 54 gold pieces.

Inventory:

Missiles
 a - 76 arrows
Armour
 b - a +0 robe (worn)
Jewellery
 k - an uncursed ring of ice {unknown}
Scrolls
 c - 3 scrolls of remove curse {!r, unknown}
 f - a scroll of magic mapping {!r, unknown}
 g - a scroll of blinking {!r, unknown}
 l - 2 scrolls of teleportation {!r, unknown}
 m - a scroll of fear {!r, unknown}
 n - a scroll of identify {!r, unknown}
Potions
 h - a potion of might {!q, unknown}
 i - a potion of flight {!q}
 j - a potion of curing {!q, unknown}
Comestibles
 d - 4 rations


   Skills:
 - Level 0.7 Fighting
 - Level 3.0 Dodging
 - Level 2.4 Unarmed Combat
 + Level 4.0 Spellcasting
 + Level 4.1 Transmutations


You had 7 spell levels left.
You knew the following spells:

 Your Spells              Type           Power        Failure   Level  Hunger
a - Beastly Appendage     Tmut           ##....       3%          1    None
b - Sticks to Snakes      Tmut           ##......     5%          2    ##.....

Your spell library contained the following spells:

 Spells                   Type           Power        Failure   Level  Hunger
 Spider Form              Tmut/Pois      #.........   26%         3    ###....
 Blade Hands              Tmut           ##........   69%         5    ######.
 Ice Form                 Ice/Tmut       #.......     63%         4    ####...


Dungeon Overview and Level Annotations

Branches:
Dungeon (2/15)

Altars:


Innate Abilities, Weirdness & Mutations

You are very small and have problems with some larger weapons.
You are too small for most types of armour.
You have supernaturally acute eyesight. (SInv)
You are a herbivore.
You cover ground extremely quickly.
You need to consume almost no food.


Message History

The frilled lizard bites you.
You hit the frilled lizard.
You kill the frilled lizard!
A worker ant and a kobold come into view.
The worker ant twitches its antennae in your direction.
You see here a frilled lizard corpse.
There are monsters nearby!
There are monsters nearby!
Casting: Beastly Appendage (safe; 3% risk of failure)
Confirm with . or Enter, or press ? or * to list all spells.
You create a snake!
You now have 77 arrows.
The kobold shouts!
The worker ant bites your ball python!
Your ball python dies!
Casting: Sticks to Snakes (safe; 5% risk of failure)
Confirm with . or Enter, or press ? or * to list all spells.
You create a snake!
You now have 76 arrows.
The kobold throws a stone.
The stone hits you. The worker ant bites you.
You are poisoned.
The worker ant poisons you!
You see here a frilled lizard corpse.
You hit the worker ant but do no damage.
You feel sick. The worker ant bites you.
You are lethally poisoned!
The worker ant poisons you!
* * * LOW HITPOINT WARNING * * *
You feel sick. Something closely misses your adder.
What are your orders? t - Shout!
Orders for allies: a - Attack new target. r - Retreat! s - Stop attacking. g - Guard the area. f - Follow me.
Anything else - Cancel.
Gang up on whom?
Press: ? - help, Dir - move target cursor, f - worker ant
Aim: a worker ant Attack!
* * * LOW HITPOINT WARNING * * *
You feel sick. The worker ant bites you.
* * * LOW HITPOINT WARNING * * *
* * * LOW HITPOINT WARNING * * *
You feel sick.
There is an open door here.
* * * LOW HITPOINT WARNING * * *
You feel sick.
You close the door.
Your transformation is almost over.
* * * LOW HITPOINT WARNING * * *
You feel sick.
Something unseen opens the door.
* * * LOW HITPOINT WARNING * * *
You feel sick.
Really quaff
i - 2 orange potions {!q}?
It was a potion of flight {!q}.
You feel very buoyant.
You fly up into the air.
Really quaff
e - a dark potion {!q}?
It was a potion of cancellation {!q}.
Your magical effects are unravelling.
You feel magically purged.
Your talons disappear.
You float gracefully downwards.
You die...

.......$.
#........#
#........+
#........#
#......?.# ###
#.......S#
#...##...###†#
#..<...# #K#
.#....@.###a#
.......>..a#.#
#.#####....'K#
### .........###
...#######....#
........##....#
#........##....#
#........##....#
#.....(........#


You could see a worker ant and a kobold.

Vanquished Creatures
  A gnoll (D:1)
  A leopard gecko (D:1)
  3 bats (D:1)
  5 goblins (D:1)
  4 hobgoblins (D:1)
  6 jackals (D:1)
  3 frilled lizards
  4 kobolds (D:1)
  5 rats (D:1)
32 creatures vanquished.

Vanquished Creatures (collateral kills)
  A dart slug (D:1)
1 creature vanquished.

Grand Total: 33 creatures vanquished

Notes
Turn   | Place    | Note
-------+----------+-------------------------------------------
     0 | D:1      | Amnesiac the Spriggan Transmuter began the quest for the Orb.
     0 | D:1      | Reached XP level 1. HP: 9/9 MP: 5/5
   314 | D:1      | Reached XP level 2. HP: 14/14 MP: 5/7
   318 | D:1      | Learned a level 2 spell: Sticks to Snakes
   710 | D:1      | Reached XP level 3. HP: 13/17 MP: 9/9
  1750 | D:2      | Succumbed to a worker ant's poison

Vault maps used:
D:1:      nzn_arrival_depleted_hourglass, minmay_tiny_reverse_x

Skill      XL: |  1  2  3 |
---------------+----------+-----
Transmutations | 3 4 |  4.1
Spellcasting   | 3 4 |  4.0
Fighting       | |  0.7
Dodging        | |  3.0
Unarmed Combat | |  2.4

Action                   || total
-------------------------++-------
Melee: Unarmed           ||   135
       Headbutt          ||     9
       Kick              ||    13
       Punch             ||     4
 Cast: Beastly Appendage ||    17
       Sticks to Snakes  ||     3
  Use: Potion            ||     2
Armor: Robe              ||    13
Dodge: Dodged            ||   133

Table legend:
 A = Spawn XP
 B = Non-spawn XP
 C = Spawn XP percentage of total XP
 D = Spawn monster count
 E = Non-spawn monster count
 F = Spawn count percentage of total count
 G = Total turns spent on level
                    A         B        C        D         E        F      G
               +---------+---------+-------+---------+---------+-------+---------
         Total |       0 |      68 |   0.0 |       0 |      33 |   0.0 |  1750
               +---------+---------+-------+---------+---------+-------+---------
           D:1 |       0 |      67 |   0.0 |       0 |      32 |   0.0 |  1698
           D:2 |       0 |       1 |   0.0 |       0 |       1 |   0.0 |    52
               +---------+---------+-------+---------+---------+-------+---------
